 Dungeon Crawl Stone Soup version 0.31.0-32-g396128a36d (webtiles) character file.

Game seed: 7554394402570830813

443 Fractals the Digger (level 7, -3/46 HPs)
             Began as an Octopode Earth Elementalist on Apr 23, 2024.
             Slain by an ice beast (12 damage)
             ... on level 4 of the Dungeon.
             The game lasted 00:09:46 (2922 turns).

Fractals the Digger (Octopode Earth Elementalist)   Turns: 2922, Time: 00:09:46

Health: -3/46      AC:  1    Str: 10    XL:     7   Next: 2%
Magic:  10/12      EV: 13    Int: 17    God:
Gold:   227        SH:  0    Dex: 18    Spells: 5/12 levels left

rFire   . . .        h - +0 hammer "Ogrebane" {venom, Dex+6}
rCold   . . .        (no shield)
rNeg    . . .        (helmet restricted)
rPois   .            (no amulet)
rElec   .            (no ring)
rCorr   .            (no ring)
SInv    .            (no ring)
Will    .....        (no ring)
Stlth   ++++         (no ring)
HPRegen 0.27/turn    (no ring)
MPRegen 0.13/turn    (no ring)
                     (no ring)

%: no passive effects
@: no status effects
A: almost no armour, amphibious, 8 rings, camouflage 1, gelatinous body 1,
(nimble swimmer 1), tentacles
a: no special abilities


You were on level 4 of the Dungeon.
You visited 1 branch of the dungeon, and saw 4 of its levels.

You collected 227 gold pieces.

Inventory:

Hand Weapons
 h - the +0 hammer "Ogrebane" (weapon) {venom, Dex+6}
   (You found it on level 2 of the Dungeon)

   Dex+6:     It affects your dexterity (+6).
Magical Staves
 g - a staff of earth
Scrolls
 c - a scroll of revelation {unknown}
 e - a scroll of teleportation
 f - a scroll of blinking {unknown}
 i - a scroll of identify
 j - a scroll of summoning
 k - a scroll of enchant weapon {unknown}
 m - a scroll of enchant armour {unknown}
 n - a scroll of amnesia {unknown}
Potions
 a - a potion of magic
 b - a potion of cancellation {unknown}
 d - a potion of attraction {unknown}
 l - a potion of resistance {unknown}
 o - a potion of heal wounds {unknown}
 p - 4 potions of curing


   Skills:
 - Level 3.0 Fighting
 - Level 2.0 Dodging
 - Level 4.0 Stealth
 + Level 3.4 Spellcasting
 + Level 1.4 Conjurations
 - Level 5.5 Earth Magic
 - Level 1.0 Evocations


You had 5 spell levels left.
You knew the following spells:

 Your Spells              Type           Power      Damage    Failure   Level
a - Sandblast             Erth           42%        2d11      1%          1
b - Passwall              Erth           21%        N/A       5%          3
c - Stone Arrow           Conj/Erth      28%        3d8       12%         3

Your spell library contained the following spells:

 Spells                   Type           Power      Damage    Failure   Level
 Brom's Barrelling Bould  Conj/Erth      14%        2d4       36%         4
 Summon Ice Beast         Ice/Summ       2%         N/A       45%         3
 Petrify                  Alch/Erth      12%        N/A       47%         4
 Iskenderun's Battlesphe  Conj           7%         2d6       94%         5
 Summon Mana Viper        Hex/Summ       2%         N/A       99%         5
 Bombard                  Conj/Erth      7%         9d2       99%         6
 Monstrous Menagerie      Summ           1%         N/A       100%        7
 Spellforged Servitor     Conj/Summ      2%         N/A       100%        7


Dungeon Overview and Level Annotations

Branches:
Dungeon (4/15)
 Temple: D:4-7

Altars:

Annotations:
D:2 1 runed translucent door, Crazy Yiuf


Innate Abilities, Weirdness & Mutations

You cannot wear most types of armour.
You are amphibious.
You can wear up to eight rings at the same time.
Your skin changes colour to match your surroundings (Stealth+).
Your rubbery body absorbs attacks. (AC +1, EV +1)
((You are camouflaged when in or above water. (Stealth+)))
You have tentacles for arms and can constrict up to eight enemies at once.


Message History

The blast of sand hits the gnoll!
You kill the gnoll!
You have reached level 7!
A gnoll comes into view. It is wielding a +0 halberd.
The goblin barely misses you.
You closely miss the goblin. You grab the goblin. You constrict the goblin.
The goblin hits you with a +0 dagger.
You hit the goblin.
You kill the goblin!
The gnoll barely misses you.
Aiming: Sandblast (safe; 1% risk of failure)
Press: ? - help, Q - select action, (/) - cycle Shift-Dir - straight line, f - gnoll
Aim: a gnoll, wielding a +0 halberd (85% to hit)
The blast of sand hits the gnoll!
The gnoll is severely wounded.
The gnoll barely misses you. The gnoll closely misses you.
Items here: )) ††.
You hit the gnoll but do no damage.
The gnoll is poisoned.
You grab the gnoll.
The gnoll is severely wounded.
You hear the slow hiss of an avalanche of sand nearby.
You constrict the gnoll.
The gnoll hits you with a +0 halberd! x2
You completely miss the gnoll.
The gnoll is severely wounded.
You constrict the gnoll.
You kill the gnoll!
Unknown command.
Items here: )) ††.
You start resting.
An ice beast comes into view.
An ice beast is nearby!
A ball python comes into view.
You barely miss the ice beast. Your squeeze misses the ice beast.
The ice beast hits you. The ice beast freezes you!
* * * LOW HITPOINT WARNING * * *
You closely miss the ice beast. The ice beast barely misses you.
The ice beast hits you.
* * * LOW HITPOINT WARNING * * *
The ice beast freezes you!
You die...

#.............#
#.............#
#.............#
#..........)..#
....##########).#
###.# #.[...# .
#. #.##.#####....
#. # #.Y.))......
#@#####...PP #.#
~~~ #.# P #.# #..
.... .....
....... .......#


You could see an ice beast.

Vanquished Creatures
  Sigmund (D:3)
  A bombardier beetle (D:3)
  Terence (D:3)
  Robin (D:3)
  4 gnolls (D:4)
  7 adders
  2 ribbon worms (D:2)
  3 dart slugs
  5 orcs
  7 ball pythons
  7 bats
  10 endoplasms
  5 giant cockroaches
  12 goblins
  8 hobgoblins
  4 quokkas
  6 frilled lizards
  7 kobolds
  7 rats
98 creatures vanquished.

Notes
Turn   | Place    | Note
-------+----------+-------------------------------------------
     0 | D:1      | Fractals the Octopode Earth Elementalist began the quest
                  | for the Orb.
     0 | D:1      | Reached XP level 1. HP: 11/11 MP: 3/3
   146 | D:1      | Reached skill level 1 in Fighting
   146 | D:1      | Reached XP level 2. HP: 18/18 MP: 0/5
   534 | D:1      | Reached XP level 3. HP: 21/24 MP: 4/6
   539 | D:1      | Reached skill level 1 in Evocations
   545 | D:1      | Learned a level 3 spell: Passwall
   853 | D:2      | Found a runed translucent door.
   854 | D:2      | Identified the +0 hammer "Ogrebane" {venom, Dex+6}
   854 | D:2      | Noticed Crazy Yiuf
  1196 | D:2      | Reached XP level 4. HP: 11/29 MP: 7/7
  1660 | D:2      | Reached XP level 5. HP: 28/34 MP: 9/9
  1963 | D:3      | Noticed Sigmund
  1973 | D:3      | Reached skill level 4 in Earth Magic
  2050 | D:3      | Noticed Terence
  2054 | D:3      | Killed Terence
  2136 | D:3      | Killed Sigmund
  2137 | D:3      | Reached skill level 5 in Earth Magic
  2137 | D:3      | Reached XP level 6. HP: 42/42 MP: 10/10
  2161 | D:3      | Learned a level 3 spell: Stone Arrow
  2270 | D:3      | Noticed Robin
  2362 | D:3      | Killed Robin
  2898 | D:4      | Reached XP level 7. HP: 46/46 MP: 7/12
  2922 | D:4      | Slain by an ice beast

Illustrated notes

Levels and vault maps discovered:
D:1:      wheals_arrival_shading, layout_rooms
D:2:      layout_loops_ring, minmay_divided_ellipse, uniq_crazy_yiuf_cottage
D:3:      layout_basic, uniq_terence, uniq_robin, uniq_sigmund
D:4:      layout_basic, nicolae_ossuary_entry_plus, dreamdust_gnoll_farm

Skill      XL: |  1  2  3  4  5  6 |
---------------+-------------------+-----
Stealth        | 3 4 |  4.0
Fighting       | 1 2 3 |  3.0
Evocations     | 1 |  1.0
Earth Magic    | 5 |  5.5
Spellcasting   | 3 |  3.4
Dodging        | |  2.0
Conjurations   | |  1.4

Action                     |  1- 3 |  4- 6 |  7- 9 || total
---------------------------+-------+-------+-------++-------
  Melee: Unarmed           |    16 |       |       ||    16
         Constrict         |    19 |    20 |     2 ||    41
         Tentacles         |    13 |    17 |       ||    30
         Staff             |    24 |       |       ||    24
         Mace              |    17 |    67 |     6 ||    90
         Punch             |     2 |     1 |       ||     3
   Cast: Sandblast         |    31 |    34 |     1 ||    66
    Use: Scroll            |     1 |     4 |       ||     5
   Stab: Sleeping          |     1 |     6 |       ||     7
 Armour: Skin              |    23 |    33 |     5 ||    61
  Dodge: Dodged            |    38 |    41 |     5 ||    84
